Map: King's Cove LE

Players

wootwoot - Winner!

  • Race: Terran Terran
  • League: Gold
  • Spawn Location: 5:00

ZXRR

  • Race: Protoss Protoss
  • League: Silver
  • Spawn Location: 11:00

VOD

Have the link to the VOD?

Description

Time

  • Played on: April 21, 2025, 12:29 p.m.
  • Length: 2:25
Show
View Real Time Build Order
Export as new Build Order

wootwoot Terran - Winner!

Build Orders:  

Get SALT Encoding   

  12  0:00  SCV  
  13  0:12  SCV  
  14  0:18  Supply Depot  
  14  0:24  SCV  
  15  0:40  SCV  
  16  0:47  Barracks  
  16  0:56  Barracks  
  16  1:09  Barracks  
  16  1:34  Marine  
  16  1:36  Barracks  
  17  1:43  Marine  
  18  1:47  Supply Depot  
  18  1:52  Marine  
  19  1:56  Marine  
  19  2:01  Marine  
  21  2:04  Barracks  
Show
View Real Time Build Order
Export as new Build Order

ZXRR Protoss 

Build Orders: 1 Gate Expand 

Get SALT Encoding   

  12  0:00  Probe  
  13  0:13  Probe  
  14  0:20  Pylon  
  14  0:25  Probe  
  15  0:35  Probe  
  15  0:42  Gateway  
  16  0:44  Probe  
  16  0:49  Assimilator  
  17  0:52  Probe  
  18  1:04  Probe  
  19  1:17  Probe  
  20  1:31  Nexus  
  20  1:34  Zealot  
  20  1:41  Cybernetics Core  
  22  1:53  Pylon  
  22  1:56  Probe  
  23  2:02  Assimilator  
  23  2:11  Probe  
Tags
 
Add a new tag
Caveats
  • Supply blocks, unpowered buildings, or Contaminate may cause inaccurate times.
  • Supply counts are checked every 10 seconds.